 Dungeon Crawl Stone Soup version 0.30.1-11-g7821555f0a (webtiles) character file.

Game seed: 2856193798040696754

60 ChrisAssaf the Ducker (level 4, -7/38 HPs)
             Began as a Gnoll Gladiator on Dec 1, 2023.
             Mangled by a water moccasin (8 damage)
             ... on level 3 of the Dungeon.
             The game lasted 00:03:06 (617 turns).

ChrisAssaf the Ducker (Gnoll Gladiator)              Turns: 617, Time: 00:03:07

Health: -7/38      AC:  4    Str: 14    XL:     4   Next: 6%
Magic:  5/5        EV: 14    Int:  9    God:
Gold:   67         SH:  0    Dex: 13    Spells: 5/5 levels left

rFire   . . .        a - +0 trident
rCold   . . .        (no shield)
rNeg    . . .        b - +0 leather armour
rPois   .            c - +0 helmet
rElec   .            (no cloak)
rCorr   .            (no gloves)
SInv    .            (no boots)
Will    .....        (no amulet)
Stlth   +            (no ring)
HPRegen 0.26/turn    (no ring)
MPRegen 0.09/turn

%: no passive effects
@: lethally poisoned (-7 -> -13)
A: fangs 1, strong nose, distributed training
a: no special abilities


You were on level 3 of the Dungeon.
You visited 1 branch of the dungeon, and saw 3 of its levels.

You collected 67 gold pieces.

Inventory:

Hand Weapons
 a - a +0 trident (weapon)
Missiles
 e - a javelin (quivered)
 f - 2 boomerangs
Armour
 b - a +0 leather armour (worn)
 c - a +0 helmet (worn)
Potions
 g - a potion of flight {unknown}
 h - 2 potions of lignification {unknown}


   Skills:
 + Level 4.6 Fighting
 + Level 1.0 Short Blades
 + Level 1.0 Long Blades
 + Level 1.0 Axes
 + Level 1.0 Maces & Flails
 + Level 6.6 Polearms
 + Level 1.0 Staves
 + Level 1.0 Ranged Weapons
 + Level 4.6 Throwing
 + Level 1.0 Armour
 + Level 6.6 Dodging
 + Level 1.0 Stealth
 + Level 1.0 Shields
 + Level 1.0 Unarmed Combat
 + Level 1.0 Spellcasting
 + Level 0.8 Conjurations
 + Level 0.8 Hexes
 + Level 0.8 Summonings
 + Level 0.8 Necromancy
 + Level 0.8 Translocations
 + Level 0.8 Transmutations
 + Level 0.8 Fire Magic
 + Level 0.8 Ice Magic
 + Level 0.8 Air Magic
 + Level 0.8 Earth Magic
 + Level 0.8 Poison Magic
 + Level 1.1 Invocations
 + Level 1.0 Evocations


You had 5 spell levels left.
You didn't know any spells.
Your spell library was empty.

Dungeon Overview and Level Annotations

Branches:
Dungeon (3/15)

Altars:


Innate Abilities, Weirdness & Mutations

You have very sharp teeth.
Your uncanny sense of smell can sniff out nearby items.
Your experience applies equally to all skills.


Message History

The net rips apart, and the water moccasin comes free!
The water moccasin bites you.
You are poisoned.
The water moccasin poisons you!
You barely miss the water moccasin.
You bite the water moccasin, but do no damage.
The water moccasin is heavily wounded.
You feel very sick. The water moccasin closely misses you.
You hit the water moccasin but do no damage.
The water moccasin is heavily wounded.
You feel sick. The water moccasin barely misses you.
The water moccasin misses you.
You closely miss the water moccasin.
The water moccasin is heavily wounded.
You feel sick. The water moccasin bites you.
You feel better. The water moccasin barely misses you.
You closely miss the water moccasin.
The water moccasin is heavily wounded.
The water moccasin completely misses you.
The water moccasin bites you!
You hit the water moccasin but do no damage.
The water moccasin is heavily wounded.
The water moccasin misses you.
You closely miss the water moccasin.
The water moccasin is heavily wounded.
The water moccasin closely misses you. The water moccasin bites you.
You are poisoned.
The water moccasin poisons you!
You completely miss the water moccasin. Your bite misses the water moccasin.
The water moccasin is heavily wounded.
* * * LOW HITPOINT WARNING * * *
You feel very sick. The water moccasin bites you!
* * * LOW HITPOINT WARNING * * *
You hit the water moccasin but do no damage.
The water moccasin is heavily wounded.
* * * LOW HITPOINT WARNING * * *
You feel sick. The water moccasin bites you!
You die...

##.## #...# #.## #...#
...# #...# #..# #...#
#####..# #..(#
....<.#### #...#
#......<####
#...#########..)..(.....
...........##.##@#......
)†.........##.##.S.$....
...........##.##.#......
#...#####.###.##.#.(....
#...# #...........####
#...# ########.####
#...# #.# #.<.# ...
#...# ....


You could see a water moccasin.

Vanquished Creatures
  3 adders
  2 worms (D:2)
  A dart slug (D:2)
  2 ball pythons
  A bat (D:2)
  6 endoplasms
  A giant cockroach (D:1)
  A goblin (D:3)
  3 hobgoblins
  2 quokkas
  A kobold (D:3)
23 creatures vanquished.

Notes
Turn   | Place    | Note
-------+----------+-------------------------------------------
     0 | D:1      | ChrisAssaf the Gnoll Gladiator began the quest for the Orb.
     0 | D:1      | Reached XP level 1. HP: 20/20 MP: 1/1
   261 | D:1      | Reached XP level 2. HP: 26/26 MP: 2/2
   418 | D:2      | Reached XP level 3. HP: 31/31 MP: 3/3
   499 | D:2      | Reached skill level 1 in Invocations
   506 | D:2      | Reached skill level 1 in Short Blades
   506 | D:2      | Reached skill level 1 in Long Blades
   506 | D:2      | Reached skill level 1 in Axes
   506 | D:2      | Reached skill level 1 in Maces & Flails
   506 | D:2      | Reached skill level 1 in Staves
   506 | D:2      | Reached skill level 1 in Ranged Weapons
   506 | D:2      | Reached skill level 1 in Armour
   506 | D:2      | Reached skill level 1 in Stealth
   506 | D:2      | Reached skill level 1 in Shields
   506 | D:2      | Reached skill level 1 in Unarmed Combat
   506 | D:2      | Reached skill level 1 in Spellcasting
   506 | D:2      | Reached skill level 1 in Evocations
   550 | D:3      | Reached XP level 4. HP: 36/38 MP: 5/5
   588 | D:3      | Noticed a water moccasin
   617 | D:3      | HP: 1/38 [poisoned by a water moccasin]
   617 | D:3      | Mangled by a water moccasin

Illustrated notes

Levels and vault maps discovered:
D:1:      lightli_arrival_flooded_house, layout_basic,
          minmay_misc_feat_diagonals
D:2:      layout_rooms
D:3:      layout_loops_cross, kennysheep_decorative_pillar

Skill      XL: |  1  2  3 |
---------------+----------+-----
Invocations    | 1 |  1.1
Short Blades   | 1 |  1.0
Long Blades    | 1 |  1.0
Axes           | 1 |  1.0
Maces & Flails | 1 |  1.0
Staves         | 1 |  1.0
Ranged Weapons | 1 |  1.0
Armour         | 1 |  1.0
Stealth        | 1 |  1.0
Shields        | 1 |  1.0
Unarmed Combat | 1 |  1.0
Spellcasting   | 1 |  1.0
Evocations     | 1 |  1.0
Fighting       | |  4.6
Polearms       | |  6.6
Throwing       | |  4.6
Dodging        | |  6.6
Conjurations   | |  0.8
Hexes          | |  0.8
Summonings     | |  0.8
Necromancy     | |  0.8
Translocations | |  0.8
Transmutations | |  0.8
Fire Magic     | |  0.8
Ice Magic      | |  0.8
Air Magic      | |  0.8
Earth Magic    | |  0.8
Poison Magic   | |  0.8

Action                     |  1- 3 |  4- 6 || total
---------------------------+-------+-------++-------
  Melee: Trident           |    69 |    26 ||    95
         Punch             |     1 |       ||     1
         Bite              |     6 |     2 ||     8
  Throw: Boomerang         |    26 |       ||    26
         Throwing net      |       |     3 ||     3
    Use: Scroll            |     3 |       ||     3
         Potion            |       |     2 ||     2
   Stab: Sleeping          |     1 |       ||     1
 Armour: Leather armour    |    17 |     7 ||    24
  Dodge: Dodged            |    55 |    19 ||    74
